 Dungeon Crawl Stone Soup version 0.30.1-4-g462c640d31 (webtiles) character file.

Game seed: 6782862572589546061

31561 Vahgon the Protected (level 13, -7/116 HPs)
             Began as a Minotaur Berserker on Aug 26, 2023.
             Was a Priest of Trog.
             Mangled by an orc knight
             ... wielding a +0 great mace
              (21 damage)
             ... on level 13 of the Dungeon.
             The game lasted 01:04:13 (21372 turns).

Vahgon the Protected (Minotaur Berserker)          Turns: 21372, Time: 01:04:14

Health: -7/116     AC: 28    Str: 26    XL:     13   Next: 26%
Magic:  12/12      EV:  9    Int:  4    God:    Trog [***...]
Gold:   966        SH: 11    Dex: 11    Spells: 12/12 levels left

rFire   . . .        E - +3 flail (protect)
rCold   . . .        G - +0 kite shield
rNeg    . . .        C - +2 plate armour
rPois   .            (helmet restricted)
rElec   .            A - +0 cloak
rCorr   +            (no gloves)
SInv    .            y - +0 pair of boots
Will    +....        Q - amulet of magic regeneration Stlth
                     J - ring of resist corrosion
HPRegen 0.39/turn    d - ring of willpower
MPRegen 0.53/turn

%: no passive effects
@: under a protective aura, on berserk cooldown, slowed, very slow
A: horns 2, retaliatory headbutt
a: Renounce Religion, Berserk, Trog's Hand


You were on level 13 of the Dungeon.
You worshipped Trog.
Trog was most pleased with you.
You visited 3 branches of the dungeon, and saw 17 of its levels.
You also visited: Bailey.

You collected 1038 gold pieces.
You spent 72 gold pieces at shops.

Inventory:

Hand Weapons
 a - a +0 club
 p - a +1 morningstar of flaming
 x - the +7 long sword of Iteothru {heavy, Int+5 Dex+3}
   (You found it on level 13 of the Dungeon)

   Int:       It affects your intelligence (+5).
   Dex:       It affects your dexterity (+3).
 E - a +3 flail of protection (weapon)
 F - a +0 shortbow
 H - a +3 heavy trident
 W - a +3 dire flail
Missiles
 z - 5 curare-tipped darts
 B - 34 poisoned darts (quivered)
Armour
 y - a +0 pair of boots (worn)
 A - a +0 cloak (worn)
 C - a +2 plate armour (worn)
 G - a +0 kite shield (worn)
Jewellery
 d - a ring of willpower (right hand)
 I - an amulet of faith
 J - a ring of resist corrosion (left hand)
 Q - an amulet of magic regeneration (around neck)
Wands
 e - a wand of light (6)
 K - a wand of roots (2)
 U - a wand of charming (21)
Scrolls
 b - a scroll of identify
 g - 3 scrolls of immolation
 h - a scroll of torment
 j - 9 scrolls of teleportation
 k - 4 scrolls of silence
 l - a scroll of summoning
 o - 6 scrolls of amnesia
 q - 3 scrolls of magic mapping
 s - 2 scrolls of fear {unknown}
 t - a scroll of brand weapon {unknown}
 w - 3 scrolls of vulnerability
 D - 7 scrolls of blinking
 N - 2 scrolls of noise {unknown}
 S - 3 scrolls of fog
 X - 2 scrolls of poison {unknown}
Potions
 f - a potion of haste {unknown}
 i - 3 potions of curing {unknown}
 m - 2 potions of resistance {unknown}
 n - 2 potions of berserk rage {unknown}
 r - 2 potions of mutation {unknown}
 u - 2 potions of flight {unknown}
 v - 2 potions of attraction {unknown}
 L - 2 potions of might {unknown}
 M - 3 potions of lignification {unknown}
 R - 2 potions of brilliance {unknown}
 T - a potion of invisibility {unknown}
 V - a potion of ambrosia {unknown}
 Z - a potion of cancellation {unknown}


   Skills:
 + Level 11.6 Fighting
 + Level 9.2(12.9) Axes
 + Level 14.3(15.3) Maces & Flails
 + Level 2.3 Throwing
 + Level 14.4 Armour
 + Level 5.2 Dodging
 + Level 1.0 Stealth
 + Level 9.9 Shields
 + Level 2.2 Evocations


You had 12 spell levels left.
You didn't know any spells.
Your spell library was empty.

Dungeon Overview and Level Annotations

Branches:
Dungeon (14/15) Temple (1/1) D:7 Lair (0/5) D:10 Orc (2/2) D:9 Vaults (0/5) D:13 D:14 Bailey (visited) Elf: Orc:2

Altars:
Ashenzari
Cheibriados
Dithmenos
Elyvilon
Fedhas
Gozag
Hepliaklqana
Kikubaaqudgha
Makhleb
Nemelex Xobeh
Okawaru
Qazlal
Ru
Sif Muna
Trog
Uskayaw
Vehumet
Wu Jian
Xom
Yredelemnul
Zin
The Shining One

Shops:
D:1 ?   D:3 (   D:4 *   D:12 !

Portals:
Trove: D:12 (give +5 demon trident)

Annotations:
D:10 exclusion: downstairs
D:14 Nessos
Orc:2 Saint Roka


Innate Abilities, Weirdness & Mutations

You have a pair of horns on your head.
You reflexively headbutt those who attack you in melee.


Message History

The human is lightly wounded.
You feel sick. The human closely misses you. You furiously retaliate!
You headbutt the human. The human barely misses you.
The orc knight hits you with a +0 great mace.
* * * LOW HITPOINT WARNING * * *
The white ugly thing bites you but does no damage.
You block the human's attack.
The orc knight hits you with a +0 great mace!
* * * LOW HITPOINT WARNING * * *
The human hits you but does no damage.
You thump the white ugly thing! You headbutt the white ugly thing.
The white ugly thing is severely wounded.
You feel sick.
You block the white ugly thing's attack.
The human hits you but does no damage.
The orc knight hits you but does no damage.
The human hits you but does no damage.
You completely miss the white ugly thing.
The white ugly thing is severely wounded.
You feel sick.
The white ugly thing closely misses you.
The human hits you but does no damage.
The orc knight hits you with a +0 great mace!
* * * LOW HITPOINT WARNING * * *
The human hits you but does no damage. The white ugly thing barely misses you.
You thump the white ugly thing! You headbutt the white ugly thing.
You kill the white ugly thing!
Trog accepts your kill.
You feel sick. The human hits you.
* * * LOW HITPOINT WARNING * * *
The orc knight hits you but does no damage.
The human barely misses you.
You sock the human!
You kill the human!
Trog accepts your kill.
You feel sick.
You are no longer poisoned.
You block the human's attack.
The orc knight hits you with a +0 great mace!!
You die...

....##....## #.#
....##.#...## ###.#
.........#..## ##...#
.....[...##..# #..###
.....###.###.# #)##
...>.#{#.# #.### ##.#
.....###.# #...### #..#
.........#####.op####.##
..............p†@p....#
.........##############
.........# .........#
##########


You could see an orc knight and 3 humans.

Vanquished Creatures
  Rupert (D:14)
  An ettin (Orc:2)
  A hydra (D:13)
  2 vault guards (Bailey)
  3 centaur warriors (D:13)
  A two-headed ogre (D:6)
  A boulder beetle (D:13)
  An orc knight (Orc:1)
  A deep elf pyromancer (D:12)
  A harpy (shapeshifter) (D:14)
  4 ugly things
  A manticore (D:12)
  An orc sorcerer (Orc:2)
  5 cyclopes
  8 slime creatures (D:13)
  Joseph (D:7)
  Maurice (D:13)
  A guardian serpent (D:11)
  4 gargoyles
  2 kobold demonologists
  3 unseen horrors
  A komodo dragon (D:11)
  6 trolls
  A troll (shapeshifter) (D:13)
  Prince Ribbit (D:7)
  A hornet (D:10)
  A blink frog (Bailey)
  2 wraiths (D:12)
  A shadow (D:10)
  17 yaks
  12 humans
  A steam dragon (D:6)
  4 vampire mosquitoes
  Edmund (D:5)
  A warg (Orc:2)
  A water moccasin (D:6)
  3 black bears
  An ice beast (D:7)
  11 orc warriors
  15 centaurs
  3 ogres
  4 kobold brigands
  11 bullfrogs
  2 scorpions
  A gnoll sergeant (D:5)
  4 killer bees (D:9)
  5 electric eels (D:8)
  3 howler monkeys
  Crazy Yiuf (D:7)
  4 jellies
  8 orc priests
  3 hounds
  2 sleepcaps
  3 iguanas
  14 orc wizards
  8 adders
  12 gnolls
  2 white imps
  3 ufetubi
  3 worms
  A dart slug (D:2)
  61 orcs
  4 endoplasms
  19 goblins
  4 hobgoblins
  6 jackals
  16 kobolds
  5 quokkas
  9 ball pythons
  5 bats
  2 frilled lizards
  2 goblin zombies (D:4)
  4 rats
359 creatures vanquished.

Vanquished Creatures (collateral kills)
  A cyclops (D:13)
  A manticore (D:13)
  2 humans (Bailey)
4 creatures vanquished.

Vanquished Creatures (others)
  A human (D:14)
1 creature vanquished.

Grand Total: 364 creatures vanquished

Notes
Turn   | Place    | Note
-------+----------+-------------------------------------------
     0 | D:1      | Vahgon the Minotaur Berserker began the quest for the Orb.
     0 | D:1      | Reached XP level 1. HP: 19/19 MP: 0/0
   188 | D:1      | Reached XP level 2. HP: 27/27 MP: 1/1
   380 | D:1      | Found Rolozek's Magic Scroll Shop.
   383 | D:1      | Bought a scroll of identify for 22 gold pieces
   383 | D:1      | Bought a scroll of identify for 22 gold pieces
  1074 | D:2      | Reached XP level 3. HP: 33/33 MP: 2/2
  1262 | D:2      | Reached ** piety under Trog
  1339 | D:2      | Found a faded altar of an unknown god.
  1774 | D:2      | Reached XP level 4. HP: 41/41 MP: 3/3
  2117 | D:3      | Found Fenualib's Antique Weapon Boutique.
  2982 | D:4      | Reached skill level 5 in Axes
  2987 | D:4      | Reached XP level 5. HP: 47/47 MP: 4/4
  3179 | D:4      | Found Giker Heti's General Store.
  3187 | D:4      | Reached skill level 5 in Fighting
  3209 | D:4      | Bought a scroll of identify for 28 gold pieces
  3261 | D:4      | Reached *** piety under Trog
  3349 | D:4      | Found a sand-covered staircase.
  3391 | D:4      | Reached XP level 6. HP: 49/56 MP: 5/5
  3732 | D:5      | Entered Level 5 of the Dungeon
  4146 | D:5      | Reached XP level 7. HP: 61/61 MP: 6/6
  4198 | D:5      | Noticed Edmund
  4216 | D:5      | Killed Edmund
  4400 | D:5      | Reached skill level 5 in Armour
  4455 | D:5      | Reached skill level 1 in Maces & Flails
  4693 | D:5      | Found a blossoming altar of Fedhas.
  4924 | D:6      | Noticed a two-headed ogre
  4933 | D:6      | Killed a two-headed ogre
  4934 | D:6      | Reached skill level 1 in Throwing
  4934 | D:6      | Reached XP level 8. HP: 71/71 MP: 7/7
  4959 | D:6      | Reached skill level 5 in Maces & Flails
  4962 | D:6      | Reached XP level 9. HP: 27/79 MP: 8/8
  6019 | D:7      | Found a staircase to the Ecumenical Temple.
  6057 | D:7      | Noticed Joseph
  6071 | D:7      | Killed Joseph
  6305 | D:7      | Reached skill level 1 in Evocations
  6334 | D:7      | You fall into a shaft and drop 1 floor!
  6438 | D:8      | Reached **** piety under Trog
  6791 | D:8      | Found a flagged portal.
  6940 | Bailey   | Entered a bailey
  6986 | Bailey   | Reached XP level 10. HP: 40/88 MP: 9/9
  7725 | Bailey   | Noticed a vault guard
  7749 | Bailey   | Killed a vault guard
  7750 | Bailey   | Reached skill level 1 in Shields
  7759 | Bailey   | Reached skill level 10 in Maces & Flails
  8273 | Bailey   | Noticed a vault guard
  8296 | Bailey   | Killed a vault guard
  8297 | Bailey   | Reached skill level 10 in Armour
 10425 | D:9      | Reached XP level 11. HP: 77/95 MP: 10/10
 10702 | D:9      | Found a staircase to the Orcish Mines.
 10710 | Orc:1    | Entered Level 1 of the Orcish Mines
 11242 | Orc:1    | Noticed an orc knight
 11258 | Orc:1    | Killed an orc knight
 11534 | D:10     | Entered Level 10 of the Dungeon
 11605 | D:10     | Found a staircase to the Lair.
 13196 | D:11     | Reached skill level 5 in Shields
 13589 | Orc:2    | Entered Level 2 of the Orcish Mines
 13590 | Orc:2    | Noticed an orc sorcerer
 13605 | Orc:2    | Noticed a sixfirhy
 13612 | Orc:2    | Killed an orc sorcerer
 14258 | Orc:2    | Noticed an ettin
 14267 | Orc:2    | Killed an ettin
 14550 | Orc:2    | Noticed Saint Roka
 14968 | D:11     | Reached skill level 10 in Fighting
 16096 | D:7      | Noticed Prince Ribbit
 16107 | D:7      | Killed Prince Ribbit
 16108 | D:7      | Reached XP level 12. HP: 93/106 MP: 11/11
 16488 | D:7      | Found a broken altar of Ashenzari.
 16587 | D:7      | Found a runed translucent door.
 16588 | D:7      | Noticed Crazy Yiuf
 16592 | D:7      | Killed Crazy Yiuf
 17435 | D:12     | Found Xukk's Distillery.
 18803 | D:12     | Found a portal to a secret trove of treasure.
 19270 | Temple   | Entered the Ecumenical Temple
 19625 | D:13     | Noticed Maurice
 19637 | D:13     | Killed Maurice
 19650 | D:13     | Noticed a seven-headed hydra
 19659 | D:13     | Killed a seven-headed hydra
 19864 | D:13     | Identified the +7 long sword of Iteothru {heavy, Int+5
                  | Dex+3}
 19864 | D:13     | Noticed a centaur warrior
 19880 | D:13     | Killed a centaur warrior
 19881 | D:13     | Reached skill level 1 in Stealth
 19890 | D:13     | Noticed a centaur warrior
 19897 | D:14     | Noticed Rupert
 19897 | D:14     | Noticed Nessos
 19897 | D:14     | Found a gate to the Vaults.
 19909 | D:13     | Killed a centaur warrior
 20145 | D:13     | Reached skill level 5 in Dodging
 20274 | D:13     | Noticed a centaur warrior
 20285 | D:13     | Killed a centaur warrior
 20556 | D:13     | Noticed a boulder beetle
 20583 | D:13     | Killed a boulder beetle
 20584 | D:13     | Reached XP level 13. HP: 50/116 MP: 12/12
 21320 | D:14     | Killed Rupert
 21372 | D:13     | Mangled by an orc knight

Illustrated notes

Levels and vault maps discovered:
D:1:      lightli_arrival_noodles, layout_basic, serial_shops,
          nicolae_shop_tiny_real_fake_doors, kennysheep_another_room
D:2:      layout_basic, hellmonk_ecumenical_altar_heavens_door,
          minmay_pentomino_u2
D:3:      layout_loops_ring, serial_shops, shop
D:4:      layout_gridville, serial_shops, shop_statue, enter_ossuary_4
D:5:      layout_cave_pods, fedhas_altar_4, minmay_misc_feat_plants, uniq_edmund
D:6:      layout_basic, minmay_microvault
D:7:      layout_cave_pods, mainiacjoe_overflow_alcove_1,
          minmay_temple_entry_antechambers, uniq_joseph, uniq_prince_ribbit1,
          uniq_crazy_yiuf_cottage
D:8:      wad_lake_hut, layout_basic, enter_bailey_5
D:9:      layout_rooms, orc_0_dummy
D:10:     layout_irregular_city, lair_entry_dummy, hangedman_corner_corridor
D:11:     layout_rooms, nrook_guardian_serpent_ordinary
D:12:     layout_cave_pods, serial_shops, kennysheep_mini,
          nicolae_trove_entry_crystal
D:13:     layout_basic, unseen_surprise_small, uniq_maurice
D:14:     layout_irregular_city, david_vaults_3, minivault_26
Temple:   nicolae_temple_bog_church
Orc:1:    layout_diamond_mine, basic_altar
Orc:2:    st_orc_open, layout_diamond_mine, portal_ice_cave_entry_ice_simulacra,
          nicolae_orc_rockfall, mines4_lemuel, uniq_saint_roka

Skill      XL: |  1  2  3  4  5  6  7  8  9 10 11 12 |
---------------+-------------------------------------+-----
Axes           | 4 5 6 7 8 9 |  9.2
Fighting       | 4 5 6 7 8 10 11 | 11.6
Dodging        | 3 4 5 |  5.2
Armour         | 3 4 6 8 10 12 14 | 14.4
Maces & Flails | 3 5 9 10 12 14 | 14.3
Throwing       | 1 2 |  2.3
Evocations     | 1 2 |  2.2
Shields        | 4 6 9 |  9.9
Stealth        | 1 |  1.0

Action                     |  1- 3 |  4- 6 |  7- 9 | 10-12 | 13-15 || total
---------------------------+-------+-------+-------+-------+-------++-------
  Melee: Hand axe          |    78 |   143 |    23 |       |       ||   244
         Headbutt          |    10 |    13 |    34 |   151 |    16 ||   224
         Punch             |     1 |     1 |     3 |       |       ||     5
         Flail             |       |       |   164 |   700 |    65 ||   929
  Throw: Dart              |       |     2 |     4 |     2 |       ||     8
 Invoke: Berserk           |       |     4 |     6 |    17 |     1 ||    28
         Brothers in Arms  |       |       |     1 |     3 |       ||     4
         Trog's Hand       |       |       |       |     6 |     1 ||     7
  Evoke: Wand              |       |       |     8 |    12 |       ||    20
    Use: Scroll            |       |     8 |     3 |     9 |       ||    20
         Potion            |       |       |       |     1 |     5 ||     6
 Armour: Scale mail        |    39 |    31 |       |       |       ||    70
         Animal skin       |     1 |       |       |       |       ||     1
         Plate armour      |       |    29 |   169 |   591 |   147 ||   936
  Dodge: Dodged            |    39 |    61 |    99 |   260 |    72 ||   531
  Block: Kite shield       |       |       |       |   358 |    95 ||   453
